AoeStats
← alpercetiner66

Arena

510515742Analyzed
4v4 RM · 3d ago on Oct 1, 2026· 63m 30s· 8 players
Game mode
Random Map
Map size
Large (8 player)
Population
200
Speed
Normal
Resources
Standard
Victory
Conquest
Starting age
Dark Age
Ending age
Imperial Age
RankedLock teamsTeams togetherTeam positionsShared explorationLock speedFull tech treeHidden civsTurbo modeCheats
Victory
Defeat
🇪🇸 Britons · Spain
886
+12
🇬🇧 Bulgarians · United Kingdom
881
+12
🇲🇽 Persians · Mexico
863
+13
🇨🇳 Spanish · China
819
+15
🇨🇳 Magyars · China
814
-14
🇨🇳 Khmer · China
799
-13
🇨🇳 Chinese · China
788
-13
🇹🇷 Britons · Türkiye
761
-12
劲爆菇一身是胆
12:59 Feudal Age
13:25 Double-Bit Axe
13:21 Horse Collar
13:35 Gold Mining
13:36 Stone Mining
15:12 Wheelbarrow
19:18 Castle Age
20:16 Bow Saw
22:06 Stone Shaft Mining
22:58 Heavy Plow
24:19 Forging
26:00 Gold Shaft Mining
25:48 Hand Cart
25:36 Light Cavalry
26:26 Bloodlines
26:17 Husbandry
28:22 Scale Barding Armor
28:52 Iron Casting
29:20 Husbandry
30:14 Chain Barding Armor
30:10 Fortified Wall
30:10 Masonry
30:04 Caravan
30:34 Coinage
34:09 Imperial Age
34:30 Tusk Swords
34:10 Elite Ballista Elephant
34:51 Double Crossbow
35:25 Conscription
36:18 Chemistry
36:06 Crop Rotation
36:30 Architecture
37:14 Blast Furnace
37:42 Plate Barding Armor
38:55 Banking
39:01 Cavalier
41:25 Hussar
alpercetiner66
11:01 Feudal Age
19:10 Castle Age
16:57 Horse Collar
17:09 Double-Bit Axe
17:18 Gold Mining
17:33 Stone Mining
17:40 Loom
19:24 Wheelbarrow
18:51 Town Watch
20:17 Heavy Plow
20:30 Bow Saw
21:40 Gold Shaft Mining
22:15 Treadmill Crane
23:48 Ballistics
23:43 Fortified Wall
25:01 Fletching
25:11 Padded Archer Armor
25:59 Murder Holes
27:21 Hand Cart
28:11 Town Patrol
29:24 Masonry
29:33 Leather Archer Armor
29:42 Bodkin Arrow
31:34 Caravan
32:05 Coinage
32:01 Yeomen
35:43 Imperial Age
37:26 Chemistry
36:58 Architecture
36:15 Arrowslits
36:37 Bracer
37:15 Conscription
37:35 Hoardings
38:16 Warwolf
39:14 Ring Archer Armor
45:02 Two-Man Saw
52:07 Elite Longbowman
smoke
12:01 Feudal Age
13:28 Double-Bit Axe
18:06 Castle Age
17:04 Horse Collar
17:28 Gold Mining
17:29 Stone Mining
17:32 Gold Mining
23:16 Wheelbarrow
24:21 Heavy Plow
26:19 Bow Saw
28:16 Padded Archer Armor
31:12 Imperial Age
30:04 Padded Archer Armor
29:54 Fletching
30:55 Ballistics
31:17 Ballistics
31:08 Thumb Ring
31:35 Hand Cart
31:09 Loom
31:09 Town Watch
32:19 Coinage
34:46 Elite Chu Ko Nu
38:17 Rocketry
38:15 Leather Archer Armor
37:55 Bodkin Arrow
41:26 Ring Archer Armor
40:57 Bracer
42:23 Conscription
42:05 Great Wall
42:40 Town Patrol
42:26 Elite Skirmisher
46:53 Banking
47:54 Chemistry
54:09 Masonry
tmqylxbz19
9:55 Feudal Age
15:23 Castle Age
14:26 Stone Mining
15:25 Loom
23:52 Double-Bit Axe
24:10 Horse Collar
27:58 Heavy Plow
28:48 Bow Saw
30:07 Fletching
35:44 Imperial Age
34:02 Gold Mining
35:18 Gold Shaft Mining
35:24 Scale Barding Armor
36:53 Chain Barding Armor
37:10 Husbandry
38:12 Plate Barding Armor
37:53 Bloodlines
37:51 Light Cavalry
39:50 Hussar
41:18 Hussar
54:04 Heavy Cavalry Archer
55:10 Parthian Tactics
57:57 Thumb Ring
60:28 Bodkin Arrow
60:34 Padded Archer Armor
HighTowerM8
0:27 Loom
10:55 Feudal Age
11:40 Double-Bit Axe
11:39 Horse Collar
18:58 Castle Age
17:28 Stone Mining
17:32 Gold Mining
19:03 Wheelbarrow
20:40 Heavy Plow
20:54 Bow Saw
24:56 Gold Shaft Mining
27:06 Stone Shaft Mining
32:16 Imperial Age
30:17 Caravan
30:49 Hand Cart
31:34 Stirrups
33:32 Crop Rotation
33:38 Forging
33:29 Scale Mail Armor
33:34 Scale Barding Armor
33:20 Fletching
34:00 Conscription
34:38 Elite Konnik
36:05 Iron Casting
35:46 Chain Mail Armor
35:51 Chain Barding Armor
35:27 Bodkin Arrow
36:00 Siege Engineers
37:14 Blast Furnace
36:02 Gambesons
36:18 Squires
36:03 Arson
36:32 Bloodlines
36:22 Husbandry
36:38 Masonry
36:50 Ballistics
37:39 Chemistry
37:43 Bagains
40:26 Town Watch
42:38 Plate Barding Armor
42:33 Plate Mail Armor
42:04 Bracer
42:38 Architecture
42:03 Murder Holes
51:24 Town Patrol
51:29 Padded Archer Armor
51:27 Guard Tower
ImperialShadow
11:19 Feudal Age
15:52 Castle Age
14:22 Double-Bit Axe
14:21 Horse Collar
15:25 Stone Mining
17:48 Gold Mining
18:12 Bow Saw
20:29 Loom
22:28 Wheelbarrow
22:23 Heavy Plow
25:25 Hand Cart
29:42 Imperial Age
29:06 Fletching
29:16 Padded Archer Armor
29:41 Ballistics
29:50 Yeomen
29:06 Pikeman
29:48 Squires
29:47 Bodkin Arrow
30:03 Forging
32:02 Elite Longbowman
35:03 Bracer
35:32 Leather Archer Armor
36:39 Ring Archer Armor
37:53 Elite Skirmisher
41:32 Iron Casting
40:58 Scale Mail Armor
42:22 Halberdier
48:27 Chain Mail Armor
49:13 Blast Furnace
48:18 Caravan
50:17 Conscription
50:03 Warwolf
51:12 Two-Man Saw
50:53 Plate Mail Armor
55:26 Onager
該死的安倍晉三
11:19 Feudal Age
11:45 Horse Collar
11:54 Double-Bit Axe
12:13 Loom
19:57 Castle Age
18:32 Stone Mining
19:16 Gold Mining
21:13 Wheelbarrow
20:52 Heavy Plow
21:04 Bow Saw
21:33 Stone Shaft Mining
26:53 Hand Cart
30:54 Ballistics
33:54 Imperial Age
31:13 Town Watch
31:32 Fletching
34:00 Caravan
35:41 Chemistry
35:12 Conscription
34:41 Elite Conquistador
36:43 Coinage
36:40 Padded Archer Armor
36:36 Bodkin Arrow
37:46 Inquisition
38:52 Town Patrol
42:31 Bracer
42:46 Leather Archer Armor
43:37 Two-Man Saw
44:08 Banking
45:47 Thumb Ring
50:09 Fervor
56:15 Block Printing
Long
9:23 Feudal Age
7:42 Loom
16:51 Castle Age
15:10 Double-Bit Axe
15:19 Horse Collar
19:35 Husbandry
22:16 Bloodlines
24:49 Heavy Plow
31:07 Imperial Age
30:52 Forging
30:47 Scale Barding Armor
32:08 Wheelbarrow
32:16 Gold Mining
32:23 Stone Mining
33:22 Iron Casting
33:07 Chain Barding Armor
33:26 Conscription
33:59 Hand Cart
39:33 Gold Shaft Mining
42:18 Crop Rotation
42:03 Bow Saw
43:44 Blast Furnace
43:05 Chain Barding Armor
43:11 Elite War Elephant
47:18 Two-Man Saw
46:55 Stone Shaft Mining
47:44 Plate Barding Armor
46:59 Town Watch
52:37 Town Patrol
53:15 Cavalier
54:56 Savar
55:41 Caravan
Connection lost

Rejoining the realm…

Still unreachable

The connection could not be restored.

Session expired

The server has moved on; the page needs a fresh start.